 Dungeon Crawl Stone Soup version 0.31.0-11-ge490571c62 (webtiles) character file.

Game seed: 10868034221769101400

1609392 bearlyready the Conqueror (level 27, 323/323 HPs)
             Began as an Oni Berserker on Feb 3, 2024.
             Was the Champion of Trog.
             Escaped with the Orb
             ... and 3 runes on Feb 4, 2024!
             The game lasted 02:56:23 (79332 turns).

bearlyready the Conqueror (Oni Berserker)          Turns: 79332, Time: 02:56:23

Health: 323/323    AC: 40    Str: 37    XL:     27
Magic:  7/7        EV: 10    Int:  8    God:    Trog [******]
Gold:   5071       SH:  5    Dex:  8    Spells: 26/26 levels left

rFire   + + +        h - +9 giant spiked club (antimagic)
rCold   + + +        (shield currently unavailable)
rNeg    + + .        K - +8 gold dragon scales
rPois   +            z - -2 hat of the Alchemist {rElec rPois rF+ rC+ rN+ Will+ rMut rCorr}
rElec   +            B - scarf "Satokhlo" {rC+ rF+, Rampage rPois Stlth-}
rCorr   +            (gloves unavailable)
SInv    .            (boots unavailable)
Will    +++..        l - amulet of the Falcon {Reflect +Blink rElec rN+ SH+5} Stlth
                     W - ring of the Tortoise {AC+8}
HPRegen 0.73/turn    g - +4 ring of slaying
MPRegen 0.10/turn

%: reflection, resist mutation, rampage
@: studying Long Blades
A: large, unfitting armour, horns 1, tough skin 1, double potion healing,
drunken brawling, weak 1, sturdy frame 1
0: Orb of Zot
}: 3/15 runes: barnacled, silver, gossamer
a: Renounce Religion, Evoke Blink, Berserk, Trog's Hand, Brothers in Arms


You escaped.
You worshipped Trog.
Trog was exalted by your worship.
You visited 11 branches of the dungeon, and saw 51 of its levels.
You visited 2 bazaars.
You also visited: Gauntlet and Ice Cave.

You collected 9403 gold pieces.
You spent 4332 gold pieces at shops.

Inventory:

Hand Weapons
 h - a +9 antimagic giant spiked club (weapon)
 G - a +9 heavy giant spiked club
Missiles
 d - 2 throwing nets
 j - 22 boomerangs
 w - 9 javelins
 S - 3 silver javelins
 V - 96 large rocks (quivered)
Armour
 z - the -2 hat of the Alchemist (worn) {rElec rPois rF+ rC+ rN+ Will+ rMut rCorr}
   (You found it on level 5 of the Vaults)

   rF+:       It protects you from fire.
   rC+:       It protects you from cold.
   rElec:     It insulates you from electricity.
   rPois:     It protects you from poison rN+: It protects you from negative
   energy.
   Will+:     It increases your willpower.
   rCorr:     It protects you from acid and corrosion.
   rMut:      It protects you from mutation.
 B - the scarf "Satokhlo" (worn) {rC+ rF+, Rampage rPois Stlth-}
   (You found it on level 3 of the Spider Nest)

   rPois:     It protects you from poison Rampage: It bestows one free step when
   moving towards enemies.
   Stlth-:    It makes you less stealthy.
 K - +8 gold dragon scales (worn)
Jewellery
 g - a +4 ring of slaying (right hand)
 l - the amulet of the Falcon (around neck) {Reflect +Blink rElec rN+ SH+5}
   (You found it in a Gauntlet)

   [amulet of reflection]

   Reflect:   It reflects blocked missile attacks.
   rElec:     It insulates you from electricity.
   rN+:       It protects you from negative energy.
   +Blink:    It lets you blink.
   SH+5:      It affects your SH (+5).
 n - the ring "Kyixous" {Fly Will+ rCorr Str+2}
   (You found it on level 1 of the Lair of Beasts)

   [ring of flight]

   Str+2:     It affects your strength (+2).
   Will+:     It increases your willpower.
   Fly:       It grants you flight.
   rCorr:     It protects you from acid and corrosion.
 t - the ring "Motrop" {rPois rN++ rCorr Dex+6}
   (You found it on level 3 of the Spider Nest)

   [ring of resist corrosion]

   Dex+6:     It affects your dexterity (+6).
   rPois:     It protects you from poison rN++: It greatly protects you from
   negative energy.
   rCorr:     It protects you from acid and corrosion.
 y - a ring of see invisible
 W - the ring of the Tortoise (left hand) {AC+8}
   (You found it on level 1 of the Crypt)

   [ring of protection]

   AC+8:      It affects your AC (+8).
Wands
 b - a wand of flame (55)
 i - a wand of digging (24)
 v - a wand of mindburst (46)
 A - a wand of iceblast (55)
 P - a wand of polymorph (41)
 Q - a wand of light (35)
 R - a wand of charming (38)
Scrolls
 o - 10 scrolls of immolation
 q - 7 scrolls of vulnerability
 r - 22 scrolls of teleportation
 u - 5 scrolls of poison
 F - 9 scrolls of enchant weapon
 H - 4 scrolls of fear
 N - 4 scrolls of fog
 O - a scroll of brand weapon
Potions
 c - 3 potions of heal wounds
 e - 8 potions of curing
 k - 10 potions of lignification
 m - 12 potions of mutation
 p - 9 potions of enlightenment
 x - 4 potions of attraction
 C - 6 potions of might
 I - 6 potions of resistance
 L - 3 potions of invisibility
 T - 8 potions of ambrosia
 U - 3 potions of magic
 X - 5 potions of berserk rage
 Z - 2 potions of cancellation
Miscellaneous
 a - a sack of spiders
 s - a condenser vane
 J - a phantom mirror
 M - a lightning rod (4/4)
 Y - a phial of floods


   Skills:
 O Level 27 Fighting
 O Level 27 Maces & Flails
 + Level 21.7 Throwing
 + Level 25.5 Armour
 + Level 14.1 Dodging
 - Level 10.0 Evocations


You had 26 spell levels left.
You didn't know any spells.
Your spell library contained the following spells:

 Spells                   Type           Power      Damage    Failure   Level
 Slow                     Hex            0%         N/A       83%         1
 Confusing Touch          Hex            0%         N/A       99%         3
 Sigil of Binding         Hex            0%         N/A       99%         3
 Vampiric Draining        Necr           0%         2d6       99%         3


Dungeon Overview and Level Annotations

Branches:
Dungeon (15/15)            Temple (0/1) D:6            Lair (5/5) D:11
 Shoals (4/4) Lair:2       Spider (4/4) Lair:2        Slime (0/5) Lair:5
    Orc (2/2) D:12            Elf (3/3) Orc:2        Vaults (5/5) D:14
  Crypt (3/3) Vaults:2       Tomb (1/3) Crypt:3      Depths (4/4) D:15
    Zot (5/5) Depths:4      IceCv (visited)         Gauntlet (visited)

Altars:
Elyvilon
Fedhas
Gozag
Kikubaaqudgha
Makhleb
Nemelex Xobeh
Okawaru
Ru
Wu Jian
Xom
Yredelemnul
Zin
The Shining One
Jiyva
Lugonu

Shops:
D:11 [   D:14 !:?   Orc:1 (:   Orc:2 *=([   Elf:3 (   Shoals:3 :   Shoals:4 [=*
Vaults:1 :   Vaults:3 *   Crypt:2 *   Depths:1 ?!

Portals:
Hell: Depths:1 Depths:2 Depths:3 Depths:4
Abyss: Crypt:2 Depths:3 Depths:4
Pandemonium: Depths:2 Depths:4
Ziggurat: Depths:2

Annotations:
D:6 6 runed translucent doors
Lair:5 exclusion: obsidian statue
Elf:2 3 runed translucent doors
Vaults:1 6 runed translucent doors
Crypt:2 3 runed translucent doors, exclusion: obsidian statue, Hali's ghost, veteran FoFi


Innate Abilities, Weirdness & Mutations

You are too large for most types of armour.
You have a pair of small horns on your head.
You have tough skin. (AC +1)
You gain doubled healing and magic from potions.
Whenever you drink a healing potion, you attack all around you.
You are weak. (Str -2)
Your movements are slightly less encumbered by armour. (ER -2)


Message History

You hear a chilling moan.
The lich shouts!
A mysterious force pulls you upwards. The hatch slams shut behind you.
A reaper comes into view. It is wielding a +2 heavy scythe.
You can't go up here!
The teleport trap disappears.
The reaper disappears!
There is an escape hatch in the ceiling here.
A mysterious force pulls you upwards. The hatch slams shut behind you.
Level annotation: 6 runed translucent doors
There is a stone staircase leading up, spattered with blood here.
You climb upwards.
There is a stone staircase leading down here.
There is a stone staircase leading up here.
You climb upwards.
There is a stone staircase leading down here.
There is an open door here.
Things that are here:
a +0 leather armour; a +0 dagger
Items here: ))) [.
You see here a +0 short sword.
There is an open door here.
There is a stone staircase leading up here.
You climb upwards.
There is a stone staircase leading down here.
There is a stone staircase leading up, spattered with blood here.
You climb upwards.
There is a stone staircase leading down here.
An Orb Guardian comes into view.
You can't go up here!
You throw a large rock.
The large rock closely misses the Orb Guardian.
You throw a large rock.
The large rock hits the Orb Guardian!!!!
You kill the Orb Guardian!
Trog accepts your kill.
Your life force feels restored.
HP restored.
There is an escape hatch in the ceiling here.
A mysterious force pulls you upwards. The hatch slams shut behind you.
There is a staircase leading out of the dungeon here.
You have escaped!

#.# #. #.########### #.
#####.#.........########## #.
#.....#..................######.
##.###.................#.......#.
......#..###.........###.......#.
#.>......# #.........# #.........
##.).....# #...8.8...# #########.
.+.......# ####.@.#### #.....##
##.......########## #.....##
####+#...........# #.....#
####...#'####....# #.....#
.........).†.....## #.....#
.........)###.....# #.....##
..........# #.....# ###.....
..........# #.....### #.....
..........# #.......########.....


There were no monsters in sight!

Vanquished Creatures
  3 dread liches
  3 ancient liches
  7 orbs of fire
  A juggernaut (Depths:3)
  8 royal mummies (Tomb:1)
  Sojobo (Crypt:1)
  6 Killer Klowns
  Boris (thrice) (Crypt:3 Depths:4 Tomb:1)
  Bai Suzhen (Vaults:2)
  Saint Roka (Depths:1)
  6 curse toes
  10 golden dragons
  3 bone dragons
  A profane servitor (Zot:5)
  4 electric golems
  The ghost of Lianjan the Gnoll Aeon, an adept GnWr of Cheibriados (Vaults:1)
  2 walking crystal tomes
  A Hell Sentinel (Zot:1)
  Rupert (D:13)
  Jorgrun (Shoals:1)
  A hellephant (Vaults:2)
  14 tentacled monstrosities
  8 titans
  5 liches
  Zenata (Crypt:1)
  Mlioglotl (Shoals:3)
  26 Orb Guardians
  A walking earthen tome (Depths:2)
  6 quicksilver dragons
  2 deep elf master archers (Elf:3)
  The ghost of Vubreenic the Markscentaur, an adept CeHu of Okawaru (Spider:3)
  6 ancient champions
  11 sphinxes
  2 death cobs
  2 deep elf blademasters (Elf:3)
  6 shadow dragons
  7 tengu reavers
  17 storm dragons
  Aizul (Shoals:4)
  Roxanne (Spider:1)
  A revenant (Crypt:3)
  3 draconian monks
  4 protean progenitors
  3 draconian shifters
  4 draconian knights
  11 ghost moths
  11 emperor scorpions
  13 vault wardens
  2 iron dragons (Depths:3)
  5 frost giants
  5 fire giants
  11 deep elf sorcerers
  2 spectral caustic shrikes (Depths:4)
  12 deep elf elementalists
  A balrug (Depths:2)
  An orc warlord (Orc:2)
  3 curse skulls
  2 demonspawn corrupters
  3 draconian scorchers
  14 ghouls
  2 draconian annihilators
  A demonspawn blood saint (Zot:4)
  3 broodmothers
  2 spriggan defenders
  5 draconian stormcallers
  19 very ugly things
  16 stone giants
  18 ironbound preservers
  An elemental wellspring (Depths:2)
  10 vampire knights
  5 ironbound thunderhulks
  2 eleionomae (Depths:2)
  6 deep elf demonologists
  A formless jellyfish (Vaults:3)
  11 deep elf death magi
  A demonspawn black sun (Depths:1)
  2 spark wasps
  9 dire elephants
  5 white draconians
  A minotaur (Gauntlet)
  6 purple draconians
  10 yellow draconians
  7 green draconians
  A war gargoyle (Vaults:5)
  14 black draconians
  4 red draconians
  10 deep elf annihilators
  Snorg (D:10)
  A blizzard demon (Zot:4)
  12 ettins
  6 eidola
  A green death (D:14)
  2 merfolk javelineers (Shoals:4)
  6 jiangshi
  4 merfolk impalers
  14 fire dragons
  2 mummy priests (Tomb:1)
  3 entropy weavers
  11 yaktaur captains
  4 deep elf high priests
  3 rakshasas
  A quicksilver dragon skeleton (Crypt:3)
  25 vault guards (Vaults:4)
  2 ogre magi
  A spriggan zombie (Crypt:2)
  6 great orbs of eyes
  7 ice dragons
  3 catoblepae
  6 salamander tyrants
  A hydra (Lair:3)
  2 spriggan air magi
  2 hell beasts
  3 alligator snapping turtles
  6 jorogumos
  8 boulder beetles
  4 death knights
  4 radroaches (Spider:3)
  A sphinx zombie (Vaults:5)
  8 two-headed ogres
  4 merfolk avatars
  2 satyrs
  11 centaur warriors
  8 ironbound frosthearts
  5 vampire magi
  10 death scarabs (Tomb:1)
  3 tengu warriors
  2 death yaks (Lair:5)
  7 merfolk aquamancers
  4 deep troll earth magi
  2 deep troll shamans (Depths:2)
  A titan zombie (Depths:1)
  Urug (Orc:1)
  16 dancing weapons
  A spectral dire elephant (Lair:5)
  A quicksilver ooze zombie (Crypt:3)
  A spriggan berserker (Depths:1)
  7 deep elf knights
  A storm dragon zombie (Vaults:4)
  6 orc high priests
  6 demonic crawlers
  12 hell knights
  2 occultists (Depths:2)
  6 skysharks
  A soul eater (Crypt:3)
  A sixfirhy (Gauntlet)
  3 salamander mystics (Depths:3)
  Lodul (D:10)
  A golden dragon zombie (Vaults:5)
  4 spectral death yaks (Lair:5)
  An iron troll (Depths:1)
  A quicksilver dragon simulacrum (Depths:3)
  4 shadow wraiths
  6 flayed ghosts
  14 sea snakes
  2 glowing orange brains (Depths:1)
  29 skeletal warriors
  2 pharaoh ants
  64 deep trolls
  2 sun moths
  11 deep elf archers
  2 shadow demons
  8 arcanists
  A spectral anaconda (Lair:5)
  A spriggan druid (Depths:2)
  6 lindwurms
  6 bog bodies
  2 anaconda skeletons
  7 orb spiders
  16 harpies
  25 deep elf pyromancers
  15 necromancers
  11 phantasmal warriors
  A steelbarb worm (shapeshifter) (Vaults:4)
  10 steelbarb worms
  14 ironbound convokers
  3 orc sorcerers
  8 orc knights
  24 deep elf zephyrmancers
  18 wolf spiders
  A shining eye (Zot:4)
  49 ugly things
  A manticore (shapeshifter) (Depths:3)
  11 fauns
  A dire elephant zombie (Crypt:1)
  19 manticores
  8 salamanders (Depths:3)
  A frost giant zombie (Crypt:3)
  7 cyclopes
  A black mamba (shapeshifter) (Vaults:5)
  4 meliai
  A stone giant skeleton (Depths:1)
  18 moths of wrath
  9 elephants
  A formless jellyfish zombie (Crypt:2)
  6 merfolk sirens
  6 water nymphs
  3 black mambas
  2 kobold blastminers (Orc:2)
  2 smoke demons
  8 torpor snails
  26 vault sentinels
  8 large abominations (Depths:4)
  The ghost of Cadnt the Covered, a novice HuFi (D:7)
  An ice statue (IceCv)
  2 gargoyles
  A pale draconian zombie (Crypt:2)
  7 cane toads
  A centaur skeleton (Crypt:2)
  2 unseen horrors (Depths:4)
  A mana viper skeleton (Crypt:2)
  2 kobold demonologists
  A hellion (Zot:5)
  4 komodo dragons
  24 yaktaurs
  5 freezing wraiths
  An ice devil (IceCv)
  2 tormentors
  A dryad (Depths:2)
  2 catoblepas skeletons
  4 rime drakes
  A wolf spider (shapeshifter) (Vaults:5)
  A yaktaur skeleton (Vaults:5)
  2 anaconda simulacra
  A guardian mummy (Tomb:1)
  A queen bee (shapeshifter) (Elf:2)
  5 trolls
  2 polar bears (Lair:4)
  2 hellwings
  22 merfolk
  5 wind drakes
  20 blink frogs
  A snapping turtle (shapeshifter) (Vaults:5)
  18 tarantellas
  4 hornets
  A hydra skeleton (Crypt:1)
  10 dream sheep
  A human skeleton (Vaults:4)
  A harpy skeleton (Crypt:2)
  A jumping spider zombie (Crypt:2)
  2 ettin zombies
  2 glass eyes
  28 slime creatures
  15 snapping turtles
  An ice dragon zombie (Crypt:2)
  A frost giant simulacrum (Vaults:4)
  34 jumping spiders
  A vampire (D:14)
  2 air elementals
  8 shadows
  23 water elementals
  2 dire elephant simulacra (IceCv)
  53 yaks
  13 culicivoras
  A centaur simulacrum (D:14)
  3 spriggan skeletons
  5 spriggans
  7 wraiths
  Eustachio (D:6)
  A ynoxinul (Zot:1)
  6 wyverns
  An alligator snapping turtle simulacrum (Crypt:2)
  5 steam dragons
  12 basilisks
  14 humans
  An ushabti (Tomb:1)
  3 wargs
  A fire elemental (Elf:3)
  75 redbacks
  3 death yak simulacra
  A chaos spawn (Depths:4)
  An acid dragon (D:10)
  A water nymph zombie (Crypt:2)
  A hydra simulacrum (IceCv)
  4 harpy simulacra (IceCv)
  A water moccasin (shapeshifter) (D:14)
  16 water moccasins
  3 hell hounds (Gauntlet)
  2 glowing shapeshifter skeletons
  A naga skeleton (Crypt:1)
  31 orc warriors
  2 sky beasts
  5 black bears
  12 laughing skulls
  4 ice beasts
  2 elephant zombies (Lair:5)
  A boggart (D:14)
  A dream sheep zombie (Crypt:3)
  3 elephant skeletons (Lair:5)
  18 ogres
  11 centaurs
  12 wolves
  2 phantoms (D:5)
  4 kobold brigands
  7 necrophages
  A gnoll sergeant (D:8)
  9 bullfrogs
  5 two-headed ogre simulacra (IceCv)
  2 elf skeletons (Crypt:1)
  2 cane toad simulacra
  3 earth elementals
  A human simulacrum (Depths:1)
  3 scorpions
  4 small abominations (Depths:4)
  A burial acolyte (D:6)
  A warg skeleton (Crypt:2)
  A water moccasin skeleton (Crypt:2)
  8 wights
  A wyvern skeleton (Crypt:1)
  5 elephant simulacra
  12 killer bees
  3 electric eels
  5 howler monkeys
  A bombardier beetle (D:7)
  4 crimson imps (Gauntlet)
  A human zombie (Crypt:3)
  4 jellies
  A gnoll bouda (D:4)
  27 orc priests
  5 hounds
  Jessica (D:2)
  A black bear skeleton (Crypt:1)
  A sleepcap (D:7)
  7 iguanas
  44 orc wizards
  Ijyb (D:4)
  3 polar bear simulacra (IceCv)
  6 troll simulacra (IceCv)
  4 spriggan simulacra (IceCv)
  An ogre zombie (Crypt:3)
  An acid dragon zombie (Crypt:2)
  A boggart simulacrum (D:14)
  3 mummies (Tomb:1)
  14 gnolls
  5 adders
  4 naga simulacra (IceCv)
  9 river rats (D:5)
  9 white imps
  13 ufetubi
  An adder zombie (D:6)
  A lava snake skeleton (Crypt:3)
  A dart slug (D:3)
  3 ribbon worms
  113 orcs
  5 bats
  8 endoplasms
  5 giant cockroaches
  10 goblins
  8 hobgoblins
  2 jackals (D:1)
  7 quokkas
  5 ball pythons
  A ball python skeleton (Crypt:2)
  5 frilled lizards
  A giant cockroach zombie (Crypt:1)
  2 jackal zombies
  22 kobolds
  16 rats
  An aspiring flesh (Zot:4)
  A lurking horror (Crypt:2)
2350 creatures vanquished.

Vanquished Creatures (collateral kills)
  Margery (Vaults:2)
  A sphinx (Tomb:1)
  A deep elf sorcerer (Elf:3)
  An emperor scorpion (Spider:4)
  2 deep elf demonologists (Elf:3)
  A deep elf annihilator (Elf:3)
  A black draconian (Zot:1)
  A deep elf high priest (Elf:3)
  A centaur warrior (Vaults:2)
  A boulder beetle (Lair:5)
  A dancing weapon (Elf:3)
  2 hell knights (Vaults:2)
  An orb spider (Spider:4)
  An arcanist (Vaults:2)
  A lindwurm (Vaults:2)
  A phantasmal warrior (Vaults:5)
  An ironbound convoker (Vaults:2)
  A deep elf pyromancer (Elf:3)
  A steelbarb worm (Spider:4)
  A harpy (Shoals:1)
  A wolf spider (Spider:4)
  An ugly thing (Vaults:2)
  A deep elf zephyrmancer (Elf:3)
  A moth of wrath (Zot:1)
  A merfolk siren (Shoals:2)
  A vault sentinel (Vaults:5)
  A water nymph (Shoals:4)
  2 guardian mummies (Tomb:1)
  A merfolk (Shoals:2)
  A jumping spider (Spider:3)
  3 redbacks (Spider:1)
  2 wolves (Lair:5)
38 creatures vanquished.

Vanquished Creatures (others)
  Asterion (Depths:1)
  A fire giant (Depths:2)
  A draconian knight (Zot:1)
  A very ugly thing (Depths:2)
  A skeletal warrior (D:14)
  2 sea snakes (Shoals:3)
  An ironbound convoker (Vaults:1)
  A harpy (Shoals:4)
  A yaktaur (Vaults:3)
  A merfolk (Shoals:3)
  2 jumping spiders (Spider:2)
  2 water elementals
  A culicivora (Spider:3)
  A redback (Spider:2)
  An orc wizard (D:15)
  An orc (D:7)
19 creatures vanquished.

Grand Total: 2407 creatures vanquished

Notes
Turn   | Place    | Note
-------+----------+-------------------------------------------
     0 | D:1      | bearlyready the Oni Berserker began the quest for the Orb.
     0 | D:1      | Reached XP level 1. HP: 24/24 MP: 1/1
   101 | D:1      | Reached XP level 2. HP: 32/32 MP: 2/2
   378 | D:1      | Reached XP level 3. HP: 39/39 MP: 3/3
   890 | D:2      | Reached ** piety under Trog
  1182 | D:2      | Noticed Jessica
  1194 | D:2      | Killed Jessica
  1195 | D:2      | Reached skill level 5 in Maces & Flails
  1195 | D:2      | Reached XP level 4. HP: 48/48 MP: 4/4
  1951 | D:3      | Noticed a sky beast
  1957 | D:3      | Killed a sky beast
  1958 | D:3      | Reached XP level 5. HP: 54/54 MP: 5/5
  2437 | D:4      | Reached XP level 6. HP: 42/62 MP: 6/6
  2642 | D:4      | Reached *** piety under Trog
  3585 | D:4      | Noticed Ijyb
  3592 | D:4      | Killed Ijyb
  3661 | D:4      | Reached XP level 7. HP: 66/70 MP: 7/7
  3827 | D:5      | Entered Level 5 of the Dungeon
  4030 | D:4      | Reached skill level 5 in Fighting
  4489 | D:5      | Reached XP level 8. HP: 68/83 MP: 8/8
  4628 | D:5      | Reached **** piety under Trog
  4879 | D:5      | Found a sparkling altar of Nemelex Xobeh.
  5155 | D:5      | Found a shimmering altar of Xom.
  5542 | D:6      | Reached XP level 9. HP: 83/98 MP: 9/9
  5702 | D:6      | Reached skill level 10 in Maces & Flails
  5918 | D:6      | Found a staircase to the Ecumenical Temple.
  6197 | D:6      | Found an ancient bone altar of Kikubaaqudgha.
  6486 | D:6      | Reached skill level 10 in Fighting
  6606 | D:6      | Found a runed translucent door.
  6677 | D:6      | Noticed Eustachio
  6708 | D:6      | Killed Eustachio
  7322 | D:6      | Found a runed translucent gate.
  7322 | D:6      | Found a runed translucent gate.
  7322 | D:6      | Found a runed translucent door.
  7324 | D:6      | Found a runed translucent gate.
  7324 | D:6      | Found a runed translucent door.
  7325 | D:6      | Found a runed translucent door.
  7424 | D:7      | Found a transporter.
  7670 | D:7      | Reached skill level 1 in Throwing
  7893 | D:7      | Noticed Cadnt's ghost (novice HuFi)
  7895 | D:7      | Identified the amulet "Ikhliatu" {Faith Int+4}
  7925 | D:7      | Found a transporter.
  7976 | D:7      | Reached XP level 10. HP: 99/114 MP: 10/10
  8038 | D:7      | Identified the ring of Free Expression {Fly rPois rCorr}
  9621 | D:8      | Reached ***** piety under Trog
 11492 | D:9      | HP: 2/118 [yak (9)]
 11493 | D:9      | Reached skill level 5 in Throwing
 11849 | D:9      | Noticed a kobold demonologist
 11857 | D:9      | Killed a kobold demonologist
 11858 | D:9      | Reached XP level 11. HP: 62/127 MP: 11/11
 12646 | D:10     | Entered Level 10 of the Dungeon
 12966 | D:10     | Noticed a two-headed ogre
 13456 | D:10     | Noticed a two-headed ogre
 13460 | D:10     | Noticed Snorg
 13467 | D:9      | Killed a two-headed ogre
 13566 | D:10     | Killed Snorg
 13958 | D:10     | Noticed Lodul
 14005 | D:10     | Identified the +2 giant spiked club "Maeh" {flame, rPois
                  | Str+3 Int-4} (Trog gifted it to you on level 10 of the
                  | Dungeon)
 14005 | D:10     | Received a gift from Trog
 14016 | D:10     | Killed a two-headed ogre
 14257 | D:10     | Noticed a deep elf zephyrmancer
 14266 | D:10     | Killed a deep elf zephyrmancer
 14335 | D:10     | Found a basalt altar of Yredelemnul.
 14343 | D:10     | Found a sacrificial altar of Ru.
 14344 | D:10     | Found a glowing golden altar of the Shining One.
 14344 | D:10     | Found an ornate altar of the Wu Jian Council.
 14345 | D:10     | Found an iron altar of Okawaru.
 14578 | D:10     | Killed Lodul
 14579 | D:10     | Reached skill level 15 in Fighting
 14859 | D:11     | Noticed a manticore
 14861 | D:11     | Reached XP level 12. HP: 125/141 MP: 12/12
 15363 | D:11     | Found Osuyr's Armour Shoppe.
 15480 | D:11     | Found a staircase to the Lair.
 15925 | D:12     | Noticed a centaur warrior
 15939 | D:12     | Killed a centaur warrior
 15940 | D:12     | Reached skill level 15 in Maces & Flails
 16375 | D:12     | Found a staircase to the Orcish Mines.
 16735 | D:13     | Noticed a two-headed ogre
 16741 | D:13     | Killed a two-headed ogre
 16750 | D:13     | Found a gate leading to a gauntlet.
 16788 | Gauntlet | Entered a Gauntlet
 16788 | Gauntlet | Found a transporter.
 16800 | Gauntlet | Found a transporter.
 16803 | Gauntlet | Found a transporter.
 16804 | Gauntlet | Found a transporter.
 16812 | Gauntlet | Found a transporter.
 16815 | Gauntlet | Found a transporter.
 16816 | Gauntlet | Found a transporter.
 16820 | Gauntlet | Found a runed translucent door.
 16822 | Gauntlet | Found a runed translucent door.
 16824 | Gauntlet | Found a transporter.
 16827 | Gauntlet | Found a transporter.
 16828 | Gauntlet | Found a transporter.
 16832 | Gauntlet | Noticed a hell beast
 16836 | Gauntlet | Found a transporter.
 16839 | Gauntlet | Found a transporter.
 16840 | Gauntlet | Found a transporter.
 16862 | Gauntlet | Found a transporter.
 16957 | Gauntlet | Reached ****** piety under Trog
 17044 | Gauntlet | Reached XP level 13. HP: 148/149 MP: 13/13
 17047 | Gauntlet | Identified the ring "Ravveomehu" {AC+4 Str+4 Int+5 Stlth+}
 17134 | Gauntlet | Identified the amulet of the Falcon {Reflect +Blink rElec
                  | rN+ SH+5}
 17193 | Gauntlet | Identified the +8 flail "Toalar" {heavy, Dex+5}
 17193 | Gauntlet | Identified the +8 plate armour of the Nexus {Dex+2}
 17193 | Gauntlet | Identified the +4 kite shield of Soyruzim {Harm}
 17193 | Gauntlet | Noticed a minotaur
 17210 | Gauntlet | HP: 11/223 [minotaur/the +8 flail "Toalar" {heavy, Dex+5}
                  | (49)]
 17212 | Gauntlet | Killed a minotaur
 17997 | D:14     | Found Onyfrauxt's Magic Scroll Shoppe.
 17997 | D:14     | Found Xyotre's Book Shoppe.
 17997 | D:14     | Found Axerch's Distillery.
 17999 | D:14     | Bought a scroll of enchant armour for 120 gold pieces
 17999 | D:14     | Bought a scroll of teleportation for 48 gold pieces
 17999 | D:14     | Bought a scroll of teleportation for 48 gold pieces
 18009 | D:14     | Noticed Rupert
 18009 | D:14     | Found a gate to the Vaults.
 18116 | Lair:1   | Entered Level 1 of the Lair of Beasts
 18320 | Lair:1   | Received a gift from Trog
 18374 | Lair:1   | Found a transporter.
 18615 | Lair:1   | Found a transporter.
 18740 | Lair:1   | Reached skill level 1 in Evocations
 19856 | Lair:2   | Found a hole to the Spider Nest.
 20069 | Lair:2   | Found a staircase to the Shoals.
 20713 | Lair:3   | Found a frozen archway.
 20722 | IceCv    | Entered an ice cave
 20747 | IceCv    | Identified the +6 great mace "Sulojon" {heavy, Str+8} (Trog
                  | gifted it to you in an ice cave)
 20747 | IceCv    | Received a gift from Trog
 21212 | IceCv    | Reached XP level 14. HP: 161/161 MP: 14/14
 21348 | IceCv    | Reached skill level 1 in Armour
 21704 | Lair:3   | Received a gift from Trog
 23095 | Lair:4   | Found a glowing silver altar of Zin.
 23225 | Lair:5   | Entered Level 5 of the Lair of Beasts
 23419 | Lair:5   | Found a staircase to the Slime Pits.
 23425 | Lair:5   | Found a viscous altar of Jiyva.
 23673 | Lair:5   | Reached skill level 5 in Dodging
 23800 | Lair:5   | Noticed a dire elephant
 23800 | Lair:5   | Noticed a dire elephant
 23811 | Lair:5   | Received a gift from Trog
 24109 | Lair:5   | Killed a dire elephant
 24111 | Lair:5   | Killed a dire elephant
 24413 | Lair:5   | Reached XP level 15. HP: 171/174 MP: 15/15
 24589 | Lair:5   | Reached skill level 5 in Armour
 26233 | D:15     | Entered Level 15 of the Dungeon
 26345 | D:15     | Received a gift from Trog
 26822 | D:15     | Found a staircase to the Depths.
 26965 | D:15     | Reached XP level 16. HP: 149/187 MP: 16/16
 27134 | D:15     | Reached skill level 5 in Evocations
 27958 | D:13     | Killed Rupert
 28092 | Shoals:1 | Entered Level 1 of the Shoals
 28723 | Shoals:1 | Noticed Jorgrun
 28733 | Shoals:1 | Killed Jorgrun
 28912 | Shoals:1 | HP: 8/188 [alligator snapping turtle (16)]
 29431 | Shoals:1 | Received a gift from Trog
 29475 | Shoals:1 | You are sucked into a shaft and drop 1 floor!
 30708 | Shoals:3 | Noticed Mlioglotl
 30754 | Shoals:3 | Found a flickering gateway to a bazaar.
 30758 | Bazaar   | Entered a bazaar
 30807 | Bazaar   | Found Waylaroe's Distillery.
 30818 | Bazaar   | Found Wygg's Assorted Antiques.
 30826 | Bazaar   | Bought a scroll of enchant armour for 187 gold pieces
 30826 | Bazaar   | Found Jionween's Distillery.
 30835 | Bazaar   | Found Ypoall's Book Shoppe.
 30877 | Bazaar   | Bought a potion of curing for 42 gold pieces
 30877 | Bazaar   | Bought a potion of curing for 42 gold pieces
 30877 | Bazaar   | Bought a potion of heal wounds for 70 gold pieces
 30877 | Bazaar   | Bought a potion of mutation for 112 gold pieces
 30891 | Bazaar   | Bought a potion of curing for 27 gold pieces
 30891 | Bazaar   | Bought a potion of curing for 27 gold pieces
 30891 | Bazaar   | Bought a potion of curing for 27 gold pieces
 30891 | Bazaar   | Bought a potion of mutation for 72 gold pieces
 30891 | Bazaar   | Bought 2 potions of berserk rage for 90 gold pieces
 30921 | Shoals:3 | Killed Mlioglotl
 31390 | Shoals:3 | Found Qazi's Self-Improvement Boutique.
 31412 | Shoals:2 | Reached XP level 17. HP: 162/201 MP: 17/17
 32507 | Shoals:4 | Entered Level 4 of the Shoals
 32554 | Shoals:4 | Found Xivyuny's Jewellery Shop.
 32596 | Shoals:4 | Reached XP level 18. HP: 208/210 MP: 18/18
 33108 | Shoals:4 | Received a gift from Trog
 33397 | Shoals:4 | Reached skill level 10 in Throwing
 33475 | Shoals:4 | Identified the +1 leather armour of Ydweajes {rC++ Will+}
 33597 | Shoals:4 | Identified the serpent talisman of Caustic Intercession
                  | {+Blink rF+ Int+2}
 33597 | Shoals:4 | Noticed Aizul
 33715 | Shoals:4 | Found Mietsor's Assorted Antiques.
 33723 | Shoals:4 | Bought a scroll of teleportation for 108 gold pieces
 33723 | Shoals:4 | Bought a scroll of teleportation for 108 gold pieces
 34139 | Shoals:4 | Got a barnacled rune of Zot
 34194 | Shoals:4 | Found Iriammo's Magic Scroll Boutique.
 34197 | Shoals:4 | Bought a scroll of fear for 76 gold pieces
 34197 | Shoals:4 | Bought a scroll of teleportation for 57 gold pieces
 34197 | Shoals:4 | Bought a scroll of teleportation for 57 gold pieces
 34197 | Shoals:4 | Bought a scroll of enchant armour for 142 gold pieces
 34535 | Shoals:4 | Killed Aizul
 34684 | Shoals:4 | Found Paycer's Antique Armour Emporium.
 35436 | Lair:1   | Identified the +0 hat of Gallantry {^Contam Harm *Corrode
                  | rElec}
 35439 | Lair:1   | Identified the ring "Kyixous" {Fly Will+ rCorr Str+2}
 35521 | Orc:1    | Entered Level 1 of the Orcish Mines
 35530 | D:12     | Received a gift from Trog
 35609 | Orc:1    | Found Okhler's Book Boutique.
 35620 | Orc:1    | Found Cofarir's Antique Weapon Emporium.
 35985 | Orc:2    | Entered Level 2 of the Orcish Mines
 36083 | Orc:2    | Found a staircase to the Elven Halls.
 36142 | Orc:2    | Found Hixtiw's Assorted Antiques.
 36162 | Orc:2    | Bought 2 potions of curing for 174 gold pieces
 36162 | Orc:2    | Bought a scroll of blinking for 217 gold pieces
 36448 | Orc:1    | Noticed Urug
 36452 | Orc:1    | Killed Urug
 36904 | Orc:2    | Found Nekoihug's Antique Weapon Boutique.
 36921 | Orc:2    | Found Rearuahi's Antique Armour Shop.
 37073 | Orc:2    | Received a gift from Trog
 37226 | Orc:2    | Found Qeujua Wien's Jewellery Emporium.
 37572 | Elf:1    | Entered Level 1 of the Elven Halls
 37746 | Spider:1 | Entered Level 1 of the Spider Nest
 37874 | Spider:1 | Paralysed by a jorogumo for 3 turns
 38408 | Spider:1 | Noticed Roxanne
 38419 | Spider:1 | Killed Roxanne
 38893 | Spider:2 | Reached XP level 19. HP: 224/224 MP: 6/19
 38992 | Spider:2 | Received a gift from Trog
 40239 | Spider:3 | Found a runed translucent gate.
 40242 | Spider:3 | Found a runed translucent gate.
 40242 | Spider:3 | Noticed Vubreenic's ghost (adept CeHu)
 40243 | Spider:3 | Found a runed translucent gate.
 40258 | Spider:3 | Killed Vubreenic's ghost
 40828 | Spider:3 | Received a gift from Trog
 40880 | Spider:3 | Identified the ring "Motrop" {rPois rN++ rCorr Dex+6}
 41075 | Spider:3 | Identified the scarf "Satokhlo" {rC+ rF+, Rampage rPois
                  | Stlth-}
 41937 | Spider:4 | Entered Level 4 of the Spider Nest
 42655 | Spider:4 | Received a gift from Trog
 42836 | Spider:4 | Reached skill level 10 in Armour
 43368 | Spider:4 | Reached XP level 20. HP: 239/239 MP: 0/20
 43515 | Spider:4 | Got a gossamer rune of Zot
 43828 | D:7      | Killed Cadnt's ghost
 44650 | Elf:1    | Received a gift from Trog
 45130 | Elf:2    | Paralysed by an air elemental for 1 turns
 45676 | Elf:2    | Identified the +2 dire flail "Refih" {heavy, rCorr Str+4
                  | Stlth+} (Trog gifted it to you on level 2 of the Elven
                  | Halls)
 45676 | Elf:2    | Received a gift from Trog
 45835 | Elf:2    | Found a runed translucent gate.
 45835 | Elf:2    | Found a runed translucent gate.
 45854 | Elf:2    | Found a runed translucent gate.
 45950 | Elf:3    | Entered Level 3 of the Elven Halls
 46153 | Elf:3    | Received a gift from Trog
 46213 | Elf:3    | Reached XP level 21. HP: 55/254 MP: 7/21
 46230 | Elf:3    | Identified the +6 dire flail "Killer Klown's Regret"
                  | {drain, *Noise Will+ Dex+3 SInv}
 46390 | Elf:3    | Reached XP level 22. HP: 267/267 MP: 7/22
 46396 | Elf:3    | Identified the +3 shortbow of Caserch {drain, rCorr Str+2
                  | Int+2}
 46417 | Elf:3    | Received a gift from Trog
 46419 | Elf:3    | Identified the +0 scale mail of the Rose {rElec Dex+5}
 46591 | Elf:3    | Identified the ring of the Wild Haggis {Fire rElec rN+
                  | Int+4}
 46690 | Elf:3    | Identified the staff of Guile {Fly rC+ Will+++ Str-5 Fire
                  | Ice}
 46768 | Elf:3    | Found Zulufaon's Weapon Shop.
 47342 | Vaults:1 | Entered Level 1 of the Vaults
 47480 | Vaults:1 | Found a large runed translucent door.
 47480 | Vaults:1 | Found a large runed translucent door.
 47480 | Vaults:1 | Found a large runed translucent door.
 47480 | Vaults:1 | Found a large runed translucent door.
 47480 | Vaults:1 | Found a large runed translucent door.
 47480 | Vaults:1 | Found a large runed translucent door.
 47480 | Vaults:1 | Found a large runed translucent door.
 47480 | Vaults:1 | Found a large runed translucent door.
 47480 | Vaults:1 | Noticed Lianjan's ghost (adept GnWr)
 47509 | Vaults:1 | Found Hojaenegh's Book Shoppe.
 48264 | Vaults:1 | Received a gift from Trog
 48475 | Vaults:1 | Identified a scroll of acquirement
 48475 | Vaults:1 | Acquired a manual of Armour
 48960 | Vaults:1 | Killed Lianjan's ghost
 49086 | Vaults:2 | Found a staircase to the Crypt.
 49086 | Vaults:2 | Found an ancient bone altar of Kikubaaqudgha.
 49086 | Vaults:2 | Found a basalt altar of Yredelemnul.
 49100 | Vaults:2 | Noticed Margery
 49119 | Vaults:2 | Killed Margery
 49591 | Vaults:2 | Noticed Bai Suzhen
 49598 | Vaults:2 | Killed Bai Suzhen
 49733 | Vaults:2 | Identified the +6 mace of the Absolute Madman {flame,
                  | Dex+3} (Trog gifted it to you on level 2 of the Vaults)
 49733 | Vaults:2 | Received a gift from Trog
 50152 | Vaults:3 | Reached XP level 23. HP: 262/282 MP: 7/23
 50529 | Vaults:3 | Received a gift from Trog
 50699 | Vaults:3 | Found Vishrah's General Store.
 50791 | Vaults:3 | Reached skill level 27 in Fighting
 52086 | Vaults:4 | Received a gift from Trog
 52933 | Vaults:4 | Identified the +6 hand axe "Zisiubb" {heavy, rC++}
 53131 | Crypt:1  | Entered Level 1 of the Crypt
 53191 | Crypt:1  | Received a gift from Trog
 53445 | Crypt:1  | Noticed Zenata
 53465 | Crypt:1  | Killed Zenata
 53476 | Crypt:1  | Noticed Sojobo
 53637 | Crypt:1  | Killed Sojobo
 53918 | Crypt:1  | Found the ring of the Tortoise {AC+8}
 54040 | Crypt:1  | Reached skill level 27 in Maces & Flails
 54558 | Crypt:1  | Received a gift from Trog
 54559 | Crypt:1  | Reached XP level 24. HP: 281/295 MP: 7/23
 54768 | Crypt:1  | Acquired a manual of Armour
 55116 | Shoals:3 | Bought a manual of Armour for 1600 gold pieces
 55487 | Crypt:2  | Reached skill level 15 in Armour
 55976 | Crypt:2  | Identified the +5 orcbow "Myos" {flame, *Slow Fly rN+++
                  | Str-4}
 56162 | Crypt:2  | Found a runed translucent gate.
 56162 | Crypt:2  | Found a runed translucent gate.
 56162 | Crypt:2  | Found a runed translucent gate.
 56163 | Crypt:2  | Found an opulent altar of Gozag.
 56164 | Crypt:2  | Noticed Hali's ghost (veteran FoFi)
 56167 | Crypt:2  | Found Umexuazxeff's Assorted Antiques.
 56340 | Crypt:2  | Received a gift from Trog
 56487 | Crypt:2  | Found a corrupted altar of Lugonu.
 56488 | Crypt:2  | Found a one-way gate to the infinite horrors of the Abyss.
 56855 | Crypt:3  | Entered Level 3 of the Crypt
 57552 | Crypt:3  | Noticed Boris
 57564 | Crypt:3  | Killed Boris
 57845 | Crypt:3  | Received a gift from Trog
 58243 | Crypt:3  | Noticed a curse toe
 58397 | Depths:1 | Entered Level 1 of the Depths
 58824 | Depths:1 | Found Hakkudai's Magic Scroll Shoppe.
 58850 | Depths:1 | Found Vifem's Distillery.
 58858 | Depths:1 | Noticed Saint Roka
 58878 | Depths:1 | Killed Saint Roka
 59190 | Depths:1 | Identified the +6 flail "Nixusom" {drain, Will+ Str-5
                  | Int+3}
 59192 | Depths:1 | Bought a scroll of fog for 56 gold pieces
 59192 | Depths:1 | Bought a scroll of fog for 56 gold pieces
 59192 | Depths:1 | Bought a scroll of teleportation for 42 gold pieces
 59192 | Depths:1 | Bought a scroll of fear for 56 gold pieces
 59192 | Depths:1 | Bought a scroll of enchant armour for 105 gold pieces
 59207 | Depths:1 | Bought a potion of curing for 66 gold pieces
 59207 | Depths:1 | Bought a potion of heal wounds for 110 gold pieces
 59313 | Depths:1 | Noticed Asterion
 59317 | Depths:1 | Gained mutation: You are occasionally teleported next to
                  | monsters. [a cacodemon]
 59323 | Depths:1 | Killed Asterion
 59528 | Depths:1 | Received a gift from Trog
 59683 | Depths:1 | Found a gateway to Hell.
 59857 | Depths:1 | Lost mutation: You are occasionally teleported next to
                  | monsters. [potion of mutation]
 59857 | Depths:1 | Gained mutation: You are weak. (Str -2) [potion of
                  | mutation]
 59857 | Depths:1 | Gained mutation: Your movements are slightly less
                  | encumbered by armour. (ER -2) [potion of mutation]
 60516 | Depths:2 | Reached XP level 25. HP: 289/304 MP: 7/23
 60550 | Depths:2 | Identified the +7 spear "Osaskoukk" {vamp, rCorr}
 60919 | Depths:2 | Reached skill level 15 in Throwing
 60954 | Depths:2 | Received a gift from Trog
 61403 | Depths:2 | Found a one-way gateway to a ziggurat.
 61440 | Depths:2 | Found a white marble altar of Elyvilon.
 61736 | Depths:2 | Found a one-way gate leading to the halls of Pandemonium.
 61814 | Depths:3 | Noticed a juggernaut
 61849 | Depths:3 | Found a blossoming altar of Fedhas.
 62804 | Depths:3 | Killed a juggernaut
 64133 | Depths:4 | Entered Level 4 of the Depths
 64141 | Depths:4 | Found a flickering gateway to a bazaar.
 64161 | Bazaar   | Entered a bazaar
 64161 | Bazaar   | Found Xumaonot's Antique Armour Boutique.
 64171 | Bazaar   | Found Beazoi's General Store.
 64173 | Bazaar   | Found Syulydorhe's Armour Shoppe.
 64179 | Bazaar   | Found Deza's Weapon Shoppe.
 64210 | Bazaar   | Found Rugg's Assorted Antiques.
 64216 | Bazaar   | Bought a potion of curing for 54 gold pieces
 64216 | Bazaar   | Bought a scroll of teleportation for 54 gold pieces
 64251 | Bazaar   | Bought a potion of haste for 120 gold pieces
 64251 | Bazaar   | Bought a scroll of revelation for 90 gold pieces
 64251 | Bazaar   | Bought a scroll of teleportation for 36 gold pieces
 64251 | Bazaar   | Bought a scroll of teleportation for 36 gold pieces
 64292 | Depths:4 | Found an iron altar of Okawaru.
 64633 | Depths:4 | Received a gift from Trog
 65341 | Depths:4 | Found a glowing golden altar of the Shining One.
 65351 | Depths:4 | Found a burning altar of Makhleb.
 65439 | Depths:4 | Noticed Boris
 65447 | Depths:4 | Killed Boris
 65666 | Depths:4 | Found a gate to the Realm of Zot.
 66722 | Crypt:3  | Noticed an ancient lich
 66737 | Crypt:3  | Killed an ancient lich
 66737 | Crypt:3  | Received a gift from Trog
 66744 | Crypt:3  | Noticed a dread lich
 66745 | Crypt:3  | Noticed an ancient lich
 66749 | Crypt:3  | Killed a dread lich
 66750 | Crypt:3  | Reached XP level 26. HP: 289/314 MP: 7/23
 66753 | Crypt:3  | Killed an ancient lich
 66758 | Crypt:3  | Identified the +4 triple crossbow of the Lesser Evil {elec,
                  | rF+ Str-4 Int+3}
 66788 | Crypt:3  | Identified the staff "Raxtan" {rPois Will+ Alchemy}
 66883 | Crypt:3  | Found a staircase to the Tomb.
 66956 | Tomb:1   | Entered Level 1 of the Tomb of the Ancients
 67004 | Tomb:1   | Noticed Boris
 67020 | Tomb:1   | Killed Boris
 67054 | Tomb:1   | Noticed a royal mummy
 67054 | Tomb:1   | Noticed a royal mummy
 67062 | Tomb:1   | Killed a royal mummy
 67069 | Tomb:1   | Killed a royal mummy
 67290 | Tomb:1   | Noticed a royal mummy
 67304 | Tomb:1   | Killed a royal mummy
 67451 | Tomb:1   | Noticed a royal mummy
 67460 | Tomb:1   | Killed a royal mummy
 67485 | Tomb:1   | Noticed a royal mummy
 67493 | Tomb:1   | Killed a royal mummy
 67503 | Tomb:1   | Noticed a royal mummy
 67508 | Tomb:1   | Killed a royal mummy
 67700 | Tomb:1   | Noticed a royal mummy
 67700 | Tomb:1   | Noticed a royal mummy
 67704 | Tomb:1   | Noticed a royal mummy
 67718 | Tomb:1   | Killed a royal mummy
 67719 | Tomb:1   | Killed a royal mummy
 68168 | Vaults:5 | Entered Level 5 of the Vaults
 68462 | Vaults:4 | Received a gift from Trog
 70019 | Vaults:5 | Reached skill level 10 in Dodging
 70180 | Vaults:5 | Received a gift from Trog
 70310 | Vaults:5 | Noticed a dread lich
 70895 | Vaults:5 | Reached XP level 27. HP: 300/323 MP: 7/23
 71180 | Vaults:5 | Received a gift from Trog
 71260 | Vaults:5 | Identified the +0 plate armour of the Apprentice {rF+}
 71911 | Vaults:5 | Killed a dread lich
 72608 | Vaults:5 | Identified the ring of Equnic {rElec Will+ Str+3 Int+3
                  | SInv}
 72664 | Vaults:5 | Found the -2 hat of the Alchemist {rElec rPois rF+ rC+ rN+
                  | Will+ rMut rCorr}
 72694 | Vaults:5 | Got a silver rune of Zot
 73167 | Zot:1    | Entered Level 1 of the Realm of Zot
 73182 | Zot:1    | Noticed an orb of fire
 73183 | Zot:1    | Reached skill level 10 in Evocations
 73193 | Zot:1    | Killed an orb of fire
 73313 | Zot:1    | Received a gift from Trog
 74056 | Zot:1    | HP: 23/484 [yellow draconian/+0 dire flail[a white
                  | draconian stormcaller] (17)]
 74057 | Zot:1    | HP: 10/323 [poisoned by a green draconian monk]
 76220 | Zot:5    | Entered Level 5 of the Realm of Zot
 77110 | Zot:5    | Noticed an orb of fire
 77131 | Zot:5    | Noticed an ancient lich
 77137 | Zot:5    | Noticed an orb of fire
 77138 | Zot:5    | Killed an orb of fire
 77142 | Zot:5    | Noticed an orb of fire
 77145 | Zot:5    | Noticed an orb of fire
 77154 | Zot:5    | Noticed a dread lich
 77164 | Zot:5    | Killed a dread lich
 77164 | Zot:5    | Noticed an orb of fire
 77181 | Zot:5    | Killed an orb of fire
 77182 | Zot:5    | Killed an ancient lich
 77196 | Zot:4    | Killed an orb of fire
 77618 | Zot:4    | Received a gift from Trog
 77794 | Zot:5    | Killed an orb of fire
 77813 | Zot:4    | Killed an orb of fire
 77976 | Zot:5    | Noticed an orb of fire
 77999 | Zot:5    | Killed an orb of fire
 78631 | Zot:5    | Identified the amulet of Ewagem {Reflect Str+5 Slay-5 SH+5
                  | SInv}
 78679 | Zot:5    | Got the Orb of Zot
 78871 | Zot:1    | Received a gift from Trog
 79019 | D:15     | Noticed Myudghoge the pandemonium lord
 79332 | D:$      | Escaped with the Orb!

Illustrated notes

Levels and vault maps discovered:
D:1:      mrwooster_arrival_statue, layout_basic,
          corexii_item_surrounded_by_moat
D:2:      layout_basic, minmay_between, uniq_jessica
D:3:      layout_rooms
D:4:      layout_gridville, uniq_ijyb
D:5:      lemuel_ratsnest, layout_cave_pools, mainiacjoe_overflow_cross_hatched,
          lemuel_tele_altar
D:6:      minmay_evil_eye, layout_basic, lemuel_zombie_altar_kikubaaqudgha,
          minmay_temple_entry_water_ring, minivault_10, serial_bayou_pond_a,
          lightli_church_of_beogh, uniq_eustachio
D:7:      minmay_recursive_quarters, layout_gridville, nzn_ghost_randoct
D:8:      layout_basic
D:9:      layout_roguey, kennysheep_generic_room_14
D:10:     layout_gridville, minitemple, hangedman_decor_riveting,
          serial_park_tiny_2, chequers_arboretum, guppyfry_early_elven_hall,
          uniq_lodul, uniq_snorg
D:11:     layout_rooms, minmay_lair_entry_grove, serial_shops,
          nicolae_shop_behind_doors
D:12:     layout_cave_pools, orc_0_dummy, water_maze_lemuel
D:13:     layout_rooms, gauntlet_entry_generic, serial_rivers,
          chequers_serial_rivers_room_a, chequers_serial_rivers_small_a,
          chequers_serial_rivers_room_a, chequers_serial_rivers_large_a,
          chequers_serial_rivers_micro_b, chequers_serial_rivers_micro_a
D:14:     hangedman_cross_stitches, layout_irregular_city, david_vaults_3,
          nicolae_shop_distant_corner_stores
D:15:     gammafunk_depths_entry_grave, layout_basic, interstate_on_off,
          hex_large, corexii_hall_statues_x, lemuel_flamethrower_1
Lair:1:   gammafunk_worm_tunnel, layout_layer_cave
Lair:2:   layout_hall_layers, minmay_shoals_entry_beasts,
          hellmonk_spider_entry_not_the_bees, serial_bayou_crossing,
          lemuel_fruit_fields, grunt_megastairs_5, serial_bayou_shore_b
Lair:3:   layout_regular_city, portal_ice_cave_entry_pillars_1,
          kennysheep_basilisk_garden
Lair:4:   layout_loops_ring, basic_altar
Lair:5:   due_jungle_book, layout_cave_pods, slime_entry_1
Shoals:1: layout_shoals, uniq_jorgrun
Shoals:2: layout_shoals
Shoals:3: layout_shoals, serial_shops, freezing_bzr, nicolae_shop_self_help,
          uniq_mlioglotl
Shoals:4: shoals_end_hangedman, layout_shoals, serial_shops,
          nicolae_shop_rolled_up, nicolae_shop_temple_entry_statues_fountains,
          shop, nicolae_shop_hallway_plus, uniq_aizul
Spider:1: nicolae_spider_obnoxious_hallway, nicolae_spider_baby_got_redback,
          uniq_roxanne
Spider:2: layout_spider_delve, nicolae_spider_nook
Spider:3: nicolae_spider_hilbert_zone_1 [nicolae_spider_hilbert_4_sides_1_open,
          nicolae_spider_hilbert_4_sides_1_open,
          nicolae_spider_hilbert_4_sides_1_open,
          nicolae_spider_hilbert_4_sides_1_open,
          nicolae_spider_hilbert_3_sides_1_open,
          nicolae_spider_hilbert_3_sides_1_open,
          nicolae_spider_hilbert_3_sides_1_open,
          nicolae_spider_hilbert_3_sides_1_open,
          nicolae_spider_hilbert_3_sides_1_open,
          nicolae_spider_hilbert_6_sides_1_open,
          nicolae_spider_hilbert_6_sides_1_open,
          nicolae_spider_hilbert_3_sides_1_open,
          nicolae_spider_hilbert_3_sides_1_open,
          nicolae_spider_hilbert_3_sides_1_open,
          nicolae_spider_hilbert_3_sides_1_open,
          nicolae_spider_hilbert_2_sides_1_open], ebering_ghost_rock_garden,
          nicolae_spider_wall_of_niches
Spider:4: grunt_spider_rune_circles
Orc:1:    layout_diamond_mine, guppyfry_orc_lava_fort, uniq_urug
Orc:2:    grunt_orc_community_town_hall, layout_diamond_mine,
          grunt_orc_community_big_house_1, grunt_orc_community_big_house_2,
          grunt_orc_community_house_3, grunt_orc_community_house_1,
          grunt_orc_community_house_1, grunt_orc_community_house_1,
          grunt_orc_community_house_2
Elf:1:    nicolae_elf_arrival_no_cutting_in_line, layout_loops_cross,
          minmay_elf_crystal_hexagon, minmay_curled_crystal
Elf:2:    elven_hall_of_blades_hangedman_original [grunt_blade_entry_basic],
          layout_loops_ring, uniq_louise, uniq_azrael
Elf:3:    grunt_elf_hall_spiral, layout_geoelf_grid, serial_shops,
          nicolae_diamond_shop
Vaults:1: advil_vaults_ghost_lines, v_pattern_4, ontoclasm_vaults_twist,
          v_misc_27, ontoclasm_vaults_ring_square, ontoclasm_vaults_shuriken,
          ontoclasm_vaults_chip, ontoclasm_vaults_ligature,
          nicolae_vaults_trapezoid_4, nicolae_vaults_six-pack,
          hangedman_vaults_variations, hangedman_vaults_hat,
          nicolae_vaults_diagonal_hallway_8, nicolae_vaults_tetromino_T_2,
          layout_vaults_omnibox, serial_shops, shop
Vaults:2: nicolae_vaults_diamond_2, v_misc_25, vaults_room_stairs_pillars,
          ontoclasm_vaults_idyll, nicolae_vaults_house_1,
          minmay_crypt_entry_necro_gods, v_rooms_3,
          nicolae_vaults_oval_intersection, grunt_vaults_funnel,
          ontoclasm_vaults_gateway, nicolae_vaults_library_corner,
          nicolae_vaults_house_1, nicolae_vaults_house_2,
          layout_vaults_maze_snakey, uniq_bai_suzhen, uniq_margery
Vaults:3: vaults_mumra_minichess_inversion, v_pattern_1,
          vaults_dpeg_emergency_exit, v_alt_pattern_3,
          nicolae_vaults_apartment_1, nicolae_vaults_trapezoid_layered,
          nicolae_vaults_yaktaur_gun_rack, ontoclasm_vaults_eye,
          nicolae_vaults_octothorpe, layout_vaults_omnigrid, serial_shops, shop
Vaults:4: v_misc_28, vaults_room_hangedman_quadrants, hangedman_vaults_unwind,
          v_rooms_1, vaults_standard_mumra_lines, vaults_room_fours,
          vaults_room_grid, dpeg_vaults_monster_box, grunt_vaults_hallway_long,
          nicolae_vaults_diamond_1, nicolae_vaults_trapezoid_lopsided_3,
          layout_vaults_omnicross
Vaults:5
Crypt:1:  layout_gridlike, st_stairs_9, grunt_crypt_arrival_split, uniq_sojobo,
          uniq_zenata
Crypt:2:  layout_regular_city, ebering_ghost_gozag,
          amcnicky_altar_lugonu_corruption
Crypt:3:  david_glass_crypt, layout_misc_corridors, uniq_boris
Tomb:1
Depths:1: layout_gridlike, pf_coc_iceberg, hangedman_abyss_or_decor_slice,
          kennysheep_kite_vault, grunt_megastairs_3, minmay_shoptagon,
          uniq_saint_roka, uniq_asterion
Depths:2: nicolae_terramorphic_expanse [nicolae_terramorphic_quarter,
          nicolae_terramorphic_quarter, nicolae_terramorphic_quarter,
          nicolae_terramorphic_quarter, nicolae_terramorphic_quarter,
          nicolae_terramorphic_biome, nicolae_terramorphic_biome,
          nicolae_terramorphic_biome, nicolae_terramorphic_biome],
          layout_cave_pools, enter_ziggurat_f, grunt_pan_entry_zigzag,
          hell_entry, nicolae_elyvilon_peaceful_grove,
          infiniplex_staircase_spiral
Depths:3: minmay_bad_star, layout_basic, grunt_mini_vestibule, abyss_entry,
          fedhas_altar_2
Depths:4: grunt_x_marks_the_spot, layout_gridlike, serial_shops, bzr_entry_gold,
          rand_demon_pan_entry_1, minmay_room_of_horrors,
          pf_hell_entry_tar_river, okawaru_trees_1, dk_noncrumbling_3,
          nzn_life_drinkers
Zot:1:    layout_cellular_growth, regret_index_zotdec_banners
Zot:2:    layout_basic
Zot:3:    layout_basic, regret_index_zotdec_misc_clamp, grunt_megastairs_1
Zot:4:    layout_basic, regret_index_zotdec_iron_s
Zot:5:    layout_basic, bh_zot_lava_cross, grunt_ministairs_6, st_stairs_5,
          drop_trap

Skill      XL: |  1  2  3  4  5  6  7  8  9 10 11 12 13 14 15 16 17 18 19 20 21 22 23 24 25 26 27 |
---------------+----------------------------------------------------------------------------------+-----
Maces & Flails | 4 5 6 7 8 9 11 12 13 16 18 19 20 22 23 24 25 27 | 27.0
Fighting       | 6 9 11 13 15 17 18 19 20 21 22 24 25 26 27 | 27.0
Throwing       | 2 5 7 9 11 12 13 14 17 18 21 | 21.7
Evocations     | 3 4 5 6 9 10 | 10.0
Armour         | 4 6 8 10 12 14 20 22 23 25 | 25.5
Dodging        | 5 7 8 10 14 | 14.1

Action                     |  1- 3 |  4- 6 |  7- 9 | 10-12 | 13-15 | 16-18 | 19-21 | 22-24 | 25-27 || total
---------------------------+-------+-------+-------+-------+-------+-------+-------+-------+-------++-------
  Melee: Mace              |    80 |   133 |       |       |       |       |       |       |       ||   213
         Headbutt          |     9 |    21 |    66 |    81 |   139 |   134 |   129 |   357 |   479 ||  1415
         Punch             |     1 |     3 |     3 |     2 |       |       |       |       |       ||     9
         Whip              |       |    29 |   305 |       |       |       |       |       |       ||   334
         Morningstar       |       |       |   104 |   344 |       |       |       |       |       ||   448
         Giant spiked club |       |       |       |   199 |   731 |   697 |   688 |  1239 |  1601 ||  5155
  Throw: Dart              |       |     1 |     1 |    21 |     4 |    11 |       |       |       ||    38
         Boomerang         |       |       |       |    23 |    38 |   401 |    59 |    37 |   161 ||   719
         Javelin           |       |       |       |     3 |       |    21 |    35 |    46 |    50 ||   155
         Large rock        |       |       |       |       |       |    12 |    13 |    10 |    60 ||    95
         Throwing net      |       |       |       |       |       |     1 |       |       |       ||     1
 Invoke: Berserk           |     3 |     4 |     6 |     8 |     7 |     1 |     2 |     6 |     4 ||    41
         Trog's Hand       |       |       |       |     1 |       |       |     1 |     1 |     5 ||     8
         Brothers in Arms  |       |       |       |       |       |       |     3 |     2 |     6 ||    11
Ability: Evoke Blink       |       |       |       |       |       |       |       |     1 |       ||     1
  Evoke: Wand              |       |       |       |     4 |     5 |    30 |     8 |     3 |     6 ||    56
         Sack of spiders   |       |       |       |       |     2 |     3 |     1 |       |     2 ||     8
         Condenser vane    |       |       |       |       |     2 |     3 |     1 |     3 |     2 ||    11
         Lightning rod     |       |       |       |       |     1 |     4 |       |     1 |       ||     6
         Phantom mirror    |       |       |       |       |       |     2 |       |     1 |       ||     3
         Phial of floods   |       |       |       |       |       |     1 |       |       |       ||     1
    Use: Scroll            |       |       |       |     9 |    17 |    17 |     5 |     7 |    25 ||    80
         Potion            |       |       |       |       |     5 |     9 |     9 |     9 |    20 ||    52
   Stab: Invisible         |       |     1 |       |       |     1 |     1 |     1 |       |       ||     4
         Sleeping          |       |       |       |       |     4 |       |       |       |       ||     4
         Petrified         |       |       |       |       |     1 |       |       |       |       ||     1
         Distracted        |       |       |       |       |       |     1 |       |       |       ||     1
 Armour: Animal skin       |    57 |   115 |   257 |   280 |       |       |       |       |       ||   709
         Troll leather arm |       |       |       |   205 |   704 |   826 |   768 |   613 |       ||  3116
         Acid dragon scale |       |       |       |    33 |       |       |       |       |       ||    33
         Storm dragon scal |       |       |       |       |       |       |       |   495 |  1123 ||  1618
         Gold dragon scale |       |       |       |       |       |       |       |       |  1035 ||  1035
  Dodge: Dodged            |    47 |    88 |   174 |   259 |   294 |   375 |   298 |   445 |   620 ||  2600
  Block: Other             |       |       |       |       |    34 |   159 |   140 |   175 |   280 ||   788
         Reflection        |       |       |       |       |       |    20 |     9 |    10 |     6 ||    45
